 Dungeon Crawl Stone Soup version 0.23.0 (webtiles) character file.

Game seed: 14408350839185528086

1154 theswoord the Cleaver (level 8, -2/56 HPs)
             Began as a Demonspawn Gladiator on Feb 17, 2019.
             Slain by Menkaure (15 damage)
             ... on level 6 of the Dungeon.
             The game lasted 00:08:46 (4632 turns).

theswoord the Cleaver (Demonspawn Gladiator)        Turns: 4632, Time: 00:08:47

Health: -2/56      AC: 17    Str: 14    XL:     8   Next: 16%
Magic:  8/8        EV: 10    Int: 10    God:
Gold:   299        SH:  0    Dex: 17    Spells: 7/7 levels left

rFire    + . .     SeeInvis .   a - +1 war axe
rCold    . . .     Gourm    .   (no shield)
rNeg     . . .     Faith    .   m - +6 chain mail {rF+}
rPois    .         Spirit   .   c - +0 helmet
rElec    .         Reflect  .   (no cloak)
rCorr    .         Harm     .   g - +0 pair of gloves
MR       .....                  l - +0 pair of boots
Stlth    ..........             s - amulet of regeneration
HPRegen  0.58/turn              e - ring of flight
MPRegen  0.11/turn              (no ring)

@: no status effects
A: talons 1, repulsion field 2, spiny 1, rot immunity
a: Evoke Flight


You were on level 6 of the Dungeon.
You were not hungry.

You visited 2 branches of the dungeon, and saw 7 of its levels.

You collected 299 gold pieces.

Inventory:

Hand Weapons
 a - a +1 war axe (weapon)
Missiles
 d - 2 throwing nets (quivered)
Armour
 b - a +0 leather armour
 c - a +0 helmet (worn)
 g - a +0 pair of gloves (worn)
 l - a +0 pair of boots (worn)
 m - a +6 chain mail of fire resistance (worn)
Jewellery
 e - a ring of flight (left hand)
 j - an uncursed amulet of magic regeneration
 s - an amulet of regeneration (around neck)
Scrolls
 h - a scroll of remove curse
 i - 2 scrolls of magic mapping
 k - a scroll of enchant weapon
 n - 4 scrolls of identify
 o - 4 scrolls of teleportation
 u - 3 scrolls of blinking
Potions
 p - a potion of curing
 q - 4 potions of brilliance
 w - a potion of degeneration
Comestibles
 f - 9 rations
 r - 8 chunks of flesh


   Skills:
 - Level 2.0 Fighting
 + Level 9.3 Axes
 - Level 1.7 Throwing
 - Level 2.6 Dodging


You had 7 spell levels left.
You didn't know any spells.
Your spell library contained the following spells:

 Spells                   Type           Power        Failure   Level  Hunger
 Sandblast                Erth           #.....       100%        1    ##.....
 Passwall                 Tmut/Erth      #.......     100%        2    ###....
 Stone Arrow              Conj/Erth      #.....       100%        3    ####...
 Petrify                  Tmut/Erth      #.......     100%        4    #####..
 Lee's Rapid Deconstruct  Erth           #.........   100%        5    ######.


Dungeon Overview and Level Annotations

Branches:
Dungeon (6/15)             Temple (1/1) D:4

Altars:
Ashenzari
Cheibriados
Dithmenos
Elyvilon
Fedhas
Gozag
Hepliaklqana
Makhleb
Nemelex Xobeh
Okawaru
Qazlal
Ru
Sif Muna
Trog
Vehumet
Wu Jian
Xom
Zin
The Shining One

Shops:
D:4 (*}?*   D:5 =(

Annotations:
D:6 Menkaure


Innate Abilities, Weirdness & Mutations

You have sharp toenails.
You are surrounded by a moderate repulsion field. (EV +3)
You are partially covered in sharp spines.
You are immune to rotting.


Message History

You recover from your berserk rage.
Things that are here:
a +2 vampiric short sword; a +4 ring mail of fire resistance the elf skeleton of Duvessa Menkaure, Prince of Dust comes into view.
Menkaure is nearby!
Menkaure is nearby!
Menkaure shouts!
Menkaure casts a spell.
Menkaure seems to speed up.
Menkaure calls on the powers of darkness!
Your body is wracked with pain!
Menkaure is struck by your spines. Menkaure hits you.
* * * LOW HITPOINT WARNING * * *
You closely miss Menkaure.
Menkaure gestures at you while chanting.
Pain shoots through your body!
* * * LOW HITPOINT WARNING * * *
You slash Menkaure! Menkaure hits you!
You die...

.# #####....................#
.# ###...#..................#
.####...###..............##.##
......### #..............#...#
..##### #..........)...#...#
#.#########..............#8_8#
....#.....#..............#####
..........................#
................@M........#
...........................#
..............#.####.........
..........(........).........
..............##...รท.........
..............#..##.........#
................#)..#.......#
..................###.......
......(......#.######.......


You could see Menkaure.

Vanquished Creatures
  Duvessa (D:6)
  A black bear (D:4)
  2 ogres (D:6)
  2 bullfrogs (D:6)
  Dowan (D:6)
  2 howler monkeys
  A crimson imp (D:5)
  An orc priest (D:4)
  2 hounds (D:5)
  2 jellies
  2 orc wizards
  Terence (D:2)
  2 iguanas (D:4)
  2 worker ants
  A hound skeleton (D:4)
  A worker ant zombie (D:6)
  6 adders
  An ooze (D:3)
  A worm (D:4)
  3 dart slugs
  5 leopard geckos
  6 orcs
  6 bats
  2 giant cockroaches
  10 hobgoblins
  13 jackals
  9 kobolds
  A quokka (D:2)
  A ball python (D:2)
  5 frilled lizards
  5 goblins
  A jackal zombie (D:5)
  A leopard gecko skeleton (D:5)
  A leopard gecko zombie (D:6)
  2 quokka skeletons (D:5)
  10 rats
113 creatures vanquished.

Notes
Turn   | Place    | Note
-------+----------+-------------------------------------------
     0 | D:1      | theswoord the Demonspawn Gladiator began the quest for the
                  | Orb.
     0 | D:1      | Reached XP level 1. HP: 16/16 MP: 1/1
    50 | D:1      | Reached skill level 3 in Axes
   161 | D:1      | Gained mutation: You are surrounded by a mild repulsion
                  | field. (EV +2) [demonic ancestry]
   161 | D:1      | Reached XP level 2. HP: 19/22 MP: 2/2
   789 | D:2      | Reached XP level 3. HP: 27/27 MP: 3/3
   832 | D:2      | Noticed Terence
   852 | D:2      | Killed Terence
   852 | D:2      | Reached skill level 4 in Axes
   991 | D:2      | Gained mutation: You are immune to rotting. [demonic
                  | ancestry]
   991 | D:2      | Reached XP level 4. HP: 18/33 MP: 4/4
  1580 | D:2      | Reached skill level 5 in Axes
  1709 | D:3      | Found a sacrificial altar of Ru.
  1974 | D:3      | Found a shattered altar of Ashenzari.
  1991 | D:3      | Gained mutation: You are partially covered in sharp spines.
                  | [demonic ancestry]
  1991 | D:3      | Reached XP level 5. HP: 38/38 MP: 5/5
  2103 | D:3      | Found a shadowy altar of Dithmenos.
  2393 | D:4      | Found a staircase to the Ecumenical Temple.
  2414 | D:4      | Found a hazy altar of Hepliaklqana.
  2426 | D:4      | Found Ottij's Assorted Antiques.
  2444 | D:4      | Reached skill level 6 in Axes
  2560 | D:4      | Reached XP level 6. HP: 44/44 MP: 6/6
  2564 | D:4      | Found Zihireun's Weapon Boutique.
  2695 | D:4      | Found Wiab's Magic Scroll Boutique.
  2721 | D:4      | Reached skill level 7 in Axes
  2770 | D:4      | Found Quqapp's General Store.
  3323 | D:4      | Found Rutom's Gadget Emporium.
  3424 | D:5      | Entered Level 5 of the Dungeon
  3468 | Temple   | Entered the Ecumenical Temple
  3623 | D:5      | Found a stormy altar of Qazlal.
  3645 | D:5      | Gained mutation: You have sharp toenails. [demonic
                  | ancestry]
  3645 | D:5      | Reached XP level 7. HP: 50/50 MP: 7/7
  3656 | D:5      | Found Qybedgh's Jewellery Boutique.
  3709 | D:5      | Found Kicsusimp's Antique Weapon Shoppe.
  4198 | D:6      | Reached skill level 8 in Axes
  4467 | D:6      | Found an opulent altar of Gozag.
  4526 | D:6      | Noticed Dowan
  4527 | D:6      | Noticed Duvessa
  4538 | D:6      | Reached skill level 9 in Axes
  4538 | D:6      | Gained mutation: You are surrounded by a moderate repulsion
                  | field. (EV +3) [demonic ancestry]
  4538 | D:6      | Reached XP level 8. HP: 56/56 MP: 8/8
  4539 | D:6      | Killed Dowan
  4554 | D:6      | Killed Duvessa
  4626 | D:6      | Noticed Menkaure
  4632 | D:6      | Slain by Menkaure

Skill      XL: |  1  2  3  4  5  6  7 |
---------------+----------------------+-----
Axes           | 3 4 5 6 7 9 |  9.3
Fighting       | |  2.0
Throwing       | |  1.7
Dodging        | |  2.6

Action                   |  1- 3 |  4- 6 |  7- 9 || total
-------------------------+-------+-------+-------++-------
Melee: War axe           |    81 |   146 |    84 ||   311
Throw: Throwing net      |       |       |     3 ||     3
  Use: Scroll            |     1 |     6 |     6 ||    13
       Potion            |       |     2 |     2 ||     4
 Stab: Distracted        |     1 |       |       ||     1
       Sleeping          |       |     2 |       ||     2
       Held in net/web   |       |       |     1 ||     1
  Eat: Chunk             |       |     9 |     3 ||    12
Armor: Leather armour    |    25 |    27 |       ||    52
       Chain mail        |       |    30 |    49 ||    79
Dodge: Dodged            |    69 |   117 |    35 ||   221

Levels and vault maps discovered:
D:1:      lightli_arrival_quake, layout_basic
D:2:      layout_basic, serial_forest, infiniplex_forest_end_3,
          infiniplex_forest_corner_1, infiniplex_forest_lined_3,
          infiniplex_forest_straight_2, infiniplex_forest_lined_ring,
          infiniplex_forest_lined_room_, minmay_misc_feat_roman,
          grunt_ministairs_8, uniq_terence
D:3:      layout_rooms, old_standard_altar,
          nicolae_dithmenos_through_a_glass_darkly, lemuel_crystal_altar
D:4:      layout_basic, nicolae_overflow_crystal_walls,
          lemuel_temple_firewalk_b, serial_shops, nicolae_shop_trees,
          nicolae_shop_behind_doors,
          nicolae_shop_temple_entry_statues_fountains, kennysheep_mini,
          shop_statue, grunt_decor_fettered
D:5:      layout_basic, nicolae_qazlal_eye_of_the_storm, serial_shops, shop,
          shop, first_ration
D:6:      layout_rooms, grunt_gozag_breadcrumbs, uniq_pikel, uniq_menkaure,
          uniq_duvessa
Temple:   dshaligram_water_room_temple
